 Dungeon Crawl Stone Soup version 0.30-b1-2-g02819fbbbe (webtiles) character file.

Game seed: 7350166755832484543

508 sking99 the Sneak (level 6, -2/48 HPs)
             Began as an Armataur Enchanter on June 27, 2023.
             Was a Follower of Okawaru.
             Slain by an orc
             ... wielding a +0 flail
              (6 damage)
             ... on level 5 of the Dungeon.
             The game lasted 00:19:31 (5045 turns).

sking99 the Sneak (Armataur Enchanter)              Turns: 5045, Time: 00:19:32

Health: -2/48      AC:  6    Str: 13    XL:     6   Next: 98%
Magic:  8/8        EV:  9    Int: 16    God:    Okawaru [*.....]
Gold:   212        SH:  0    Dex: 12    Spells: 3/8 levels left

rFire   . . .        a - +1 dagger
rCold   . . .        (no shield)
rNeg    + . .        o - +2 robe {Will+}
rPois   .            (no helmet)
rElec   .            (no cloak)
rCorr   .            (no gloves)
SInv    .            (no barding)
Will    +....        (no amulet)
Stlth   +++          e - ring of wizardry
HPRegen 0.28/turn    i - ring of positive energy
MPRegen 0.11/turn

%: roll, wizardry (x1)
@: no status effects
A: large, rugged brown scales 3, deformed body, armoured tail, roll, long
tongue, awkward tongue
a: Renounce Religion, Heroism


You were on level 5 of the Dungeon.
You worshipped Okawaru.
Okawaru was aware of your devotion.
You visited 1 branch of the dungeon, and saw 5 of its levels.

You collected 232 gold pieces.
You spent 20 gold pieces at shops.

Inventory:

Hand Weapons
 a - a +1 dagger (weapon)
Armour
 o - a +2 robe of willpower (worn)
 r - a +0 kite shield
Jewellery
 d - a ring of resist corrosion
 e - a ring of wizardry (left hand)
 i - a ring of positive energy (right hand)
 x - a ring of flight
 y - a ring of wizardry
Wands
 l - a wand of paralysis (10)
Scrolls
 b - 2 scrolls of immolation
 f - 4 scrolls of identify
 g - 2 scrolls of vulnerability
 j - a scroll of torment {unknown}
 k - 2 scrolls of enchant weapon {unknown}
 s - a scroll of fog {unknown}
 t - 3 scrolls of noise {unknown}
 u - a scroll of magic mapping
 w - 2 scrolls of teleportation {unknown}
Potions
 c - 3 potions of invisibility
 h - 3 potions of resistance
 m - 6 potions of curing
 n - a potion of brilliance
 p - a potion of flight
 q - a potion of berserk rage
 v - a potion of heal wounds {unknown}


   Skills:
 * Level 3.9 Short Blades
 - Level 1.3 Dodging
 + Level 4.8 Stealth
 - Level 1.7 Spellcasting
 * Level 4.3 Hexes
 - Level 2.0 Ice Magic
 + Level 2.0 Invocations


You had 3 spell levels left.
You knew the following spells:

 Your Spells              Type           Power      Damage    Failure   Level
a - Ensorcelled Hibernat  Hex/Ice        22%        N/A       3%          2
b - Confusing Touch       Hex            15%        N/A       4%          3

Your spell library contained the following spells:

 Spells                   Type           Power      Damage    Failure   Level
 Dazzling Flash           Conj/Hex       16%        N/A       11%         3
 Portal Projectile        Hex/Tloc       16%        N/A       11%         3
 Blade Hands              Tmut           0%         N/A       90%         5
 Iron Shot                Conj/Erth      0%         9d1       100%        6
 Tukima's Dance           Hex            Unusable   N/A       N/A         3
 Animate Armour           Summ/Erth      Unusable   N/A       N/A         4

Dungeon Overview and Level Annotations

Branches:
Dungeon (5/15)             Temple (0/1) D:4

Altars:
Hepliaklqana
Nemelex Xobeh
Okawaru

Shops:
D:2 ?   D:3 !


Innate Abilities, Weirdness & Mutations

You are completely covered in rugged brown scales. (AC +3, +7% HP)
Armour fits poorly on your strangely shaped body.
You have a long armoured tail.
You roll when moving toward enemies. (Rampage)
Your long tongue fully drains potion bottles. (2x potion effects)
Your tongue gives you trouble enunciating. (1.5x scroll delay)


Message History

Found a club.
An orc comes into view.
It is wielding a +2 dagger of holy wrath.
Found a dagger.
The orc shouts! x2; You hear an angry hiss.
An orc comes into view. It is wielding a +0 dagger.
You roll towards the orc!
The orc hits you with a +0 flail.
An adder comes into view.
The orc shouts!
The orc priest shouts!
The adder hisses angrily.
You hit the orc priest.
The orc priest is moderately wounded.
The orc barely misses you.
The orc priest hits you with a +0 dagger of venom.
You are poisoned.
You feel sick. The orc closely misses you. The orc attacks as you move away!
The orc hits you but does no damage. The orc attacks as you move away!
The orc hits you with a +0 whip.
You feel sick.
The orc priest looks braver for a moment.
The orc attacks as you move away! The orc closely misses you.
You feel sick.
You feel sick.
The orc priest calls down the wrath of Beogh upon you.
Beogh smites you!
You feel sick.
You are no longer poisoned.
The orc priest invokes the aid of Beogh against you.
Beogh smites you!
* * * LOW HITPOINT WARNING * * *
The orc attacks as you move away! The orc hits you but does no damage.
The orc attacks as you move away! The orc closely misses you.
The orc attacks as you move away! The orc hits you with a +0 flail.
* * * LOW HITPOINT WARNING * * *
The orc attacks as you move away! The orc hits you but does no damage.
The orc attacks as you move away! The orc hits you with a +0 flail.
* * * LOW HITPOINT WARNING * * *
The orc attacks as you move away! The orc closely misses you.
You see here a +2 antimagic spear.
The orc attacks as you move away! The orc hits you with a +0 flail!
* * * LOW HITPOINT WARNING * * *
The orc attacks as you move away! The orc hits you with a +0 flail.
You die...

#####################
#............oS.o...#
#.#################)#
#.# ####o# #o# #.o..#
#.###### #o####
.S.....# #@# .o.....#
#.# .......# #†#
.......# #.# .......#
#.# .......# #.#
..)....# #.# #....)##
#.# ####### #.#


You could see 2 orcs.

Vanquished Creatures
  A black bear (D:5)
  A scorpion (D:5)
  2 hounds (D:4)
  2 jellies
  A sleepcap (D:4)
  Natasha (twice) (D:3)
  An iguana (D:5)
  3 gnolls (D:5)
  4 adders
  A worm (D:2)
  4 dart slugs
  An orc (D:3)
  6 ball pythons
  6 endoplasms
  3 giant cockroaches
  6 goblins
  11 hobgoblins
  2 jackals (D:5)
  4 kobolds
  A quokka (D:2)
  3 bats
  4 frilled lizards
  2 rats
71 creatures vanquished.

Notes
Turn   | Place    | Note
-------+----------+-------------------------------------------
     0 | D:1      | sking99 the Armataur Enchanter began the quest for the Orb.
     0 | D:1      | Reached XP level 1. HP: 14/14 MP: 3/3
    35 | D:1      | Reached skill level 1 in Short Blades
   115 | D:1      | Reached XP level 2. HP: 10/21 MP: 4/4
   218 | D:1      | Learned a level 2 spell: Ensorcelled Hibernation
   809 | D:1      | Reached XP level 3. HP: 27/27 MP: 5/5
  1131 | D:2      | Found Tighon's Magic Scroll Shop.
  1134 | D:2      | Bought a scroll of identify for 20 gold pieces
  1180 | D:2      | Learned a level 3 spell: Confusing Touch
  1497 | D:2      | Found an iron altar of Okawaru.
  1513 | D:2      | Became a worshipper of Warmaster Okawaru
  1982 | D:3      | Reached XP level 4. HP: 30/35 MP: 1/6
  2174 | D:3      | Noticed Natasha
  2181 | D:3      | Killed Natasha
  2182 | D:3      | Reached skill level 1 in Ice Magic
  2799 | D:3      | Found a hazy altar of Hepliaklqana.
  2804 | D:3      | Found a sparkling altar of Nemelex Xobeh.
  2941 | D:3      | Found Ynleorebry's Distillery.
  3033 | D:3      | Noticed Natasha
  3046 | D:3      | Killed Natasha
  3047 | D:3      | Reached XP level 5. HP: 27/40 MP: 3/7
  3276 | D:4      | Reached skill level 1 in Invocations
  3735 | D:4      | Found a staircase to the Ecumenical Temple.
  4041 | D:5      | Entered Level 5 of the Dungeon
  4064 | D:5      | Reached XP level 6. HP: 48/48 MP: 8/8
  4792 | D:5      | Reached * piety under Okawaru
  5045 | D:5      | Slain by an orc

Illustrated notes

Levels and vault maps discovered:
D:1:      scummos_arrival_simple_crosswalls, layout_basic,
          hangedman_abyss_or_decor_lesser_grid
D:2:      layout_basic, serial_shops, nicolae_shop_tiny_real_fake_doors,
          basic_altar
D:3:      minmay_angry_zag, layout_loops_corners, mainiacjoe_overflow_big_doors,
          serial_shops, nicolae_lakefront_shop, uniq_natasha
D:4:      layout_basic, minmay_temple_entry_fiery
D:5:      layout_basic

Skill      XL: |  1  2  3  4  5  6 |
---------------+-------------------+-----
Short Blades   | 1 2 3 |  3.9
Hexes          | 3 4 |  4.3
Stealth        | 4 |  4.8
Ice Magic      | 1 2 |  2.0
Invocations    | 1 2 |  2.0
Dodging        | |  1.3
Spellcasting   | |  1.7

Action                     |  1- 3 |  4- 6 || total
---------------------------+-------+-------++-------
  Melee: Dagger            |   120 |    84 ||   204
         Tailslap          |    11 |    11 ||    22
   Cast: Ensorcelled Hiber |    21 |    34 ||    55
         Confusing Touch   |       |     3 ||     3
    Use: Scroll            |       |     8 ||     8
         Potion            |       |     1 ||     1
   Stab: Sleeping          |    22 |    19 ||    41
         Confused          |       |     3 ||     3
 Armour: Robe              |    39 |    23 ||    62
  Dodge: Dodged            |    66 |    35 ||   101
